cohdb
Replays
Latest Replays
All Replays
Popular Replays
Top Player Replays
Match Explorer
How It Works
Community
CoH3 Stats
Reddit
Sign in to upload your games and track your stats! →
Sign in with Steam
Match 42481780
Unlisted
Match 42481780
Overview
Messages
Build Orders
End
Construct Weapon Support Center
Selects Special Operations Battlegroup
Selects M29 Weasel Recon Vehicle
M29 Weasel Recon Vehicle
M1919 Machine Gun Team
Construct Barracks
M1 Mortar Team
M1919 Machine Gun Team
Infantry Support Center
Riflemen Squad
Construct Motor Pool
Grenade Package
Selects Raiding Flares
M8 Greyhound Armored Car
M1919 Machine Gun Team
M1919 Machine Gun Team
Engineer Squad
Selects SSF Commando Squad
SSF Commando Squad
M1918 Browning Automatic Rifles
Engineer Squad
M1 Anti-tank Gun Team
Construct Tank Depot
Selects P-47 Anti-Infantry Loiter
P-47 Anti-Infantry Loiter
Improved M9 Bazooka Rockets
M1 Anti-tank Gun Team
Hk
Jarkke
Setti-Veke
JP
God is Stalin's Sex Slavery
Mou
0
0
Comments
sign in to comment!
No comments posted yet!